 Dungeon Crawl Stone Soup version 0.25.1-2-g60ff931df9 (webtiles) character file.

Game seed: 5364949136865889820

93 raphialitos the Slasher (level 4, -3/51 HPs)
             Began as a Demonspawn Gladiator on Oct 29, 2020.
             Was an Initiate of Gozag.
             Slain by a scorpion (5 damage)
             ... on level 4 of the Dungeon.
             The game lasted 00:10:14 (3997 turns).

raphialitos the Slasher (Demonspawn Gladiator)      Turns: 3997, Time: 00:10:15

Health: -3/51      AC: 22    Str: 14    XL:     4   Next: 36%
Magic:  4/4        EV:  2    Int: 10    God:    Gozag
Gold:   262        SH:  0    Dex: 15    Spells: 3/3 levels left

rFire    . . .     SeeInvis .   h - -2 hunting sling (curse)
rCold    . . .     Gourm    .   (no shield)
rNeg     + + +     Faith    .   (armour currently unavailable)
rPois    +         Spirit   .   (helmet currently unavailable)
rElec    .         Reflect  .   (cloak currently unavailable)
rCorr    .         Harm     .   (gloves currently unavailable)
MR       .....     NoTele   +   (boots currently unavailable)
Stlth    ++........             (no amulet)
HPRegen  0.17/turn              p - ring of attention (curse)
MPRegen  0.09/turn              (no ring)

@: tree-form (expiring), hasted (expiring), very quick
A: nightstalker 1
a: Potion Petition, Call Merchant, Bribe Branch, Renounce Religion


You were on level 4 of the Dungeon.
You worshipped Gozag.
Gozag was aware of your devotion.
You were not hungry.
You were a tree.
You visited 1 branch of the dungeon, and saw 4 of its levels.

You collected 283 gold pieces.
You paid 21 gold pieces to Gozag.

Inventory:

Hand Weapons
 a - a +0 long sword
 h - a cursed -2 hunting sling (weapon)
Missiles
 c - 24 arrows
 d - 2 throwing nets (quivered)
 e - 7 javelins
 i - 6 silver javelins
 j - 19 bolts
 m - 4 boomerangs
 q - 3 poisoned darts
Armour
 b - a +0 leather armour (melded)
 k - a +0 pair of boots (melded)
Jewellery
 p - a cursed ring of attention (left branch)
Potions
 g - 3 potions of curing
Comestibles
 f - 2 rations


   Skills:
 + Level 2.4 Fighting
 + Level 3.4 Long Blades
 + Level 1.3(1.9) Slings
 + Level 2.0(2.2) Throwing
 + Level 1.0 Armour
 + Level 3.0 Dodging
 + Level 0.7 Stealth


You had 3 spell levels left.
You didn't know any spells.
Your spell library was empty.

Dungeon Overview and Level Annotations

Branches:
Dungeon (4/15)             Temple (0/1) D:4

Altars:
Ashenzari
Cheibriados
Gozag
Sif Muna


Innate Abilities, Weirdness & Mutations

((You have a pair of small horns on your head.))
You are slightly more attuned to the shadows.


Message History

The scorpion stings you but does no damage.
The worker ant bites you but does no damage.
You barely miss the scorpion.
The scorpion stings you but does no damage.
The worker ant bites you but does no damage.
You clumsily bash the scorpion but do no damage.
The worker ant bites you but does no damage.
The scorpion stings you but does no damage.
You clumsily bash the scorpion but do no damage.
The worker ant bites you but does no damage.
The scorpion stings you but does no damage.
You clumsily bash the scorpion but do no damage.
Your transformation is almost over.
Your extra speed is starting to run out.
The worker ant bites you but does no damage.
The scorpion stings you but does no damage.
The worker ant bites you but does no damage.
You closely miss the scorpion. The scorpion stings you.
You die...
Your body crumbles into a pile of gold.

.. #.##....... .
#.#..#..... .#
#....##.... ..
.. #...#8##...
...#..#....>.# .
#.#.##....8..
#.##............
#...............
........♣.......
.......as.......
#.....<...####..
##........## ..
...#...#...###
.. ##..........
.....###.....#
..... #.....#
...o. #..#....


You could see a scorpion and a worker ant.

Vanquished Creatures
  2 adders
  An ooze (D:2)
  2 dart slugs (D:2)
  4 leopard geckos
  5 orcs
  A ball python (D:1)
  2 giant cockroaches (D:2)
  5 goblins
  5 hobgoblins
  6 jackals
  7 bats
  5 frilled lizards
  3 kobolds
  7 rats
55 creatures vanquished.

Notes
Turn   | Place    | Note
-------+----------+-------------------------------------------
     0 | D:1      | raphialitos the Demonspawn Gladiator began the quest for
                  | the Orb.
     0 | D:1      | Reached XP level 1. HP: 16/16 MP: 1/1
   210 | D:1      | Gained mutation: You are slightly more attuned to the
                  | shadows. [demonic ancestry]
   210 | D:1      | Reached XP level 2. HP: 22/22 MP: 2/2
  1519 | D:2      | Gained mutation: You have a pair of small horns on your
                  | head. [demonic ancestry]
  1519 | D:2      | Reached XP level 3. HP: 21/27 MP: 3/3
  1683 | D:2      | Found an opulent altar of Gozag.
  1779 | D:2      | Found a shattered altar of Ashenzari.
  1834 | D:2      | Became a worshipper of Gozag Ym Sagoz the Greedy
  2351 | D:3      | Reached skill level 1 in Slings
  2599 | D:3      | Found a shimmering blue altar of Sif Muna.
  2602 | D:3      | Found a snail-covered altar of Cheibriados.
  2650 | D:3      | Reached XP level 4. HP: 13/34 MP: 4/4
  3651 | D:3      | Reached skill level 1 in Armour
  3792 | D:4      | Found a staircase to the Ecumenical Temple.
  3990 | D:4      | HP: 1/51 [scorpion (5)]
  3997 | D:4      | Slain by a scorpion

Illustrated notes

Levels and vault maps discovered:
D:1:      mrwooster_arrival_arrow, layout_loops_ring, minmay_misc_feat_ornament,
          chequers_avenue, chequers_big_river
D:2:      layout_rooms, nicolae_gozag_seed_capital, nicolae_ashenzari_panopticon
D:3:      layout_basic, grunt_temple_overflow_open, first_ration
D:4:      layout_cave_pools, temple_statues, kennysheep_another_room,
          uniq_blork_the_orc, uniq_edmund

Skill      XL: |  1  2  3  4 |
---------------+-------------+-----
Long Blades    | 3 |  3.4
Dodging        | 3 |  3.0
Slings         | 1 |  1.3
Armour         | 1 |  1.0
Throwing       | 2 |  2.0
Fighting       | |  2.4
Stealth        | |  0.7

Action                   |  1- 3 |  4- 6 || total
-------------------------+-------+-------++-------
Melee: Long sword        |    56 |       ||    56
       Hunting sling     |    39 |   100 ||   139
       Headbutt          |     6 |    10 ||    16
 Fire: Hunting sling     |    78 |    15 ||    93
Throw: Throwing net      |     5 |     3 ||     8
       Javelin           |     4 |     4 ||     8
       Dart              |       |     3 ||     3
  Use: Scroll            |     2 |     1 ||     3
       Potion            |       |     4 ||     4
 Stab: Sleeping          |     2 |       ||     2
  Eat: Ration            |     1 |     2 ||     3
Armor: Chain mail        |    19 |       ||    19
       Leather armour    |    31 |    19 ||    50
       Skin              |       |    58 ||    58
Dodge: Dodged            |    90 |    76 ||   166
       Rpst.: Long sword |    13 |       ||    13
